 Dungeon Crawl Stone Soup version 0.27.1-1-g398f81649c (webtiles) character file.

Game seed: 1472266897607558380

910 pokedragonboy the Destroyer (level 7, -8/36 HPs)
             Began as a Deep Elf Conjurer on Sept 11, 2021.
             Was an Initiate of Sif Muna.
             Mangled by a cyan ugly thing (16 damage)
             ... on level 6 of the Dungeon.
             The game lasted 00:16:39 (5448 turns).

pokedragonboy the Destroyer (Deep Elf Conjurer)     Turns: 5448, Time: 00:16:39

Health: -8/36      AC:  3    Str:  4    XL:     7   Next: 81%
Magic:  13/18      EV: 12    Int: 25    God:    Sif Muna [......]
Gold:   257        SH:  0    Dex: 13    Spells: 4/18 levels left

rFire    . . .     SeeInvis .   i - +4 short sword
rCold    . . .     Faith    .   (no shield)
rNeg     . . .     Spirit   .   a - +0 robe
rPois    .         Reflect  .   (no helmet)
rElec    .         Harm     .   (no cloak)
rCorr    .         Rampage  .   (no gloves)
Will     .....                  m - +0 pair of boots
Stlth    ++........             g - amulet of magic regeneration
HPRegen  0.12/turn              (no ring)
MPRegen  0.41/turn              (no ring)

@: no status effects
A: no striking features
a: Renounce Religion


You were on level 6 of the Dungeon.
You worshipped Sif Muna.
Sif Muna was noncommittal.
You visited 2 branches of the dungeon, and saw 7 of its levels.

You collected 257 gold pieces.

Inventory:

Hand Weapons
 i - a +4 short sword (weapon)
 n - a +2 mace of holy wrath
Armour
 a - a +0 robe (worn)
 m - a +0 pair of boots (worn)
Jewellery
 g - an amulet of magic regeneration (around neck)
Wands
 k - a wand of iceblast (7)
Scrolls
 c - 6 scrolls of identify
 d - 4 scrolls of fear
 e - 2 scrolls of fog {unknown}
 f - a scroll of immolation {unknown}
 j - a scroll of enchant weapon {unknown}
 l - a scroll of enchant armour {unknown}
Potions
 b - 4 potions of curing {unknown}
 h - a potion of invisibility {unknown}


   Skills:
 - Level 3.0 Dodging
 - Level 3.0 Stealth
 + Level 6.3 Spellcasting
 * Level 8.0 Conjurations
 + Level 4.3 Hexes
 + Level 2.8 Invocations


You had 4 spell levels left.
You knew the following spells:

 Your Spells              Type           Power      Damage    Failure   Level
a - Magic Dart            Conj           100%       1d8       1%          1
b - Searing Ray           Conj           96%        3d7       1%          2
c - Fulminant Prism       Conj/Hex       19%        3d11      5%          4
d - Dazzling Flash        Conj/Hex       76%        N/A       1%          3
e - Iskenderun's Mystic   Conj/Tloc      27%        2d7       14%         4

Your spell library contained the following spells:

 Spells                   Type           Power      Damage    Failure   Level
 Beastly Appendage        Tmut           14%        N/A       8%          1
 Sandblast                Erth           14%        2d6       8%          1
 Passwall                 Tmut/Erth      5%         N/A       11%         2
 Wereblood                Tmut           7%         N/A       11%         2
 Spider Form              Tmut/Pois      3%         N/A       22%         3
 Petrify                  Tmut/Erth      7%         N/A       58%         4
 Metabolic Englaciation   Hex/Ice        9%         N/A       63%         5
 Lee's Rapid Deconstruct  Erth           3%         3d6*      90%         5
 Statue Form              Tmut/Erth      4%         N/A       100%        6


Dungeon Overview and Level Annotations

Branches:
Dungeon (6/15)             Temple (1/1) D:4

Altars:
Ashenzari
Cheibriados
Dithmenos
Elyvilon
Gozag
Kikubaaqudgha
Nemelex Xobeh
Okawaru
Qazlal
Ru
Sif Muna
Trog
Uskayaw
Wu Jian
Zin
The Shining One

Annotations:
D:4 1 runed translucent door, Crazy Yiuf


Message History

A cyan ugly thing comes into view.
Casting: Searing Ray (safe; 1% risk of failure)
Confirm with . or Enter, or press ? or * to list all spells.
Okay, then.
Press: ? - help, v - describe, . - travel
Here: a cyan ugly thing (asleep)
The floor.
Press: ? - help, v - describe, . - travel
Here: a cyan ugly thing (asleep)
The floor.
Casting: Searing Ray (safe; 1% risk of failure)
Confirm with . or Enter, or press ? or * to list all spells.
You don't know that spell.
Casting: Searing Ray (safe; 1% risk of failure)
Confirm with . or Enter, or press ? or * to list all spells.
The cyan ugly thing is dazzled.
The cyan ugly thing gurgles horribly!
Casting: Dazzling Flash (safe; 1% risk of failure)
Confirm with . or Enter, or press ? or * to list all spells.
Aiming: Searing Ray (safe; 1% risk of failure)
Press: ? - help, Shift-Dir - straight line, f - cyan ugly thing
Aim: a cyan ugly thing (wandering, blind, hasn't noticed you, 83% to hit)
The searing ray hits the cyan ugly thing!
The cyan ugly thing is lightly wounded.
The cyan ugly thing gurgles horribly! (Press . to maintain the ray.)
The searing ray hits the cyan ugly thing!
The cyan ugly thing is moderately wounded.
The cyan ugly thing barely misses you.
The searing ray hits the cyan ugly thing!
The cyan ugly thing is heavily wounded.
The cyan ugly thing closely misses you.
The searing ray misses the cyan ugly thing.
You finish channeling your searing ray.
The cyan ugly thing stings you! The cyan ugly thing shocks you!
* * * LOW HITPOINT WARNING * * *
The cyan ugly thing stings you.
* * * LOW HITPOINT WARNING * * *
The cyan ugly thing shocks you!
You die...

<####.......##.##
#...........#
###..........#
#............# #
.#..>.........#
####.#
.............##
#....#
.............# ##.#
.#.........#####u.#
###.......#...@.##
..(.........#####
..........###
####.......#
#.......#
.........#
##........
###.....# ......#


You could see a cyan ugly thing (blind).

Vanquished Creatures
  Edmund (D:5)
  A necrophage (D:4)
  An ogre (D:4)
  A centaur (D:5)
  A phantom (D:5)
  2 scorpions
  A centaur zombie (D:5)
  A bullfrog skeleton (D:5)
  2 iguanas (D:5)
  A scorpion zombie (D:5)
  A hound skeleton (D:5)
  A howler monkey zombie (D:6)
  A gnoll (D:1)
  A howler monkey skeleton (D:4)
  6 adders
  A white imp (D:5)
  2 ufetubi (D:5)
  An adder skeleton (D:4)
  A worm (D:5)
  4 dart slugs
  10 orcs
  4 bats
  4 endoplasms
  5 giant cockroaches
  13 goblins
  3 hobgoblins
  6 kobolds
  4 quokkas
  10 ball pythons
  5 frilled lizards
  7 rats
102 creatures vanquished.

Vanquished Creatures (others)
  A fulminant prism (D:5)
  3 fungi (D:1)
  2 plants (Temple)
6 creatures vanquished.

Grand Total: 108 creatures vanquished

Notes
Turn   | Place    | Note
-------+----------+-------------------------------------------
     0 | D:1      | pokedragonboy the Deep Elf Conjurer began the quest for the
                  | Orb.
     0 | D:1      | Reached XP level 1. HP: 10/10 MP: 6/6
   121 | D:1      | Reached XP level 2. HP: 8/15 MP: 0/8
   256 | D:1      | Learned a level 2 spell: Searing Ray
   372 | D:1      | Found a faded altar of an unknown god.
   945 | D:1      | Reached skill level 5 in Conjurations
   945 | D:1      | Reached XP level 3. HP: 19/19 MP: 6/10
  1310 | D:2      | Found a sacrificial altar of Ru.
  1505 | D:2      | Reached XP level 4. HP: 24/24 MP: 7/12
  2056 | D:2      | Learned a level 4 spell: Fulminant Prism
  2073 | D:3      | Found a broken altar of Ashenzari.
  2139 | D:3      | Found a snail-covered altar of Cheibriados.
  2528 | D:4      | Noticed a scorpion
  2532 | D:4      | Killed a scorpion
  2533 | D:4      | Reached skill level 6 in Conjurations
  2533 | D:4      | Reached skill level 1 in Hexes
  2533 | D:4      | Reached XP level 5. HP: 28/28 MP: 8/13
  2609 | D:4      | Noticed an ogre
  2619 | D:4      | Killed an ogre
  2620 | D:4      | Reached XP level 6. HP: 2/32 MP: 7/15
  3117 | D:4      | Found a runed translucent door.
  3118 | D:4      | Noticed Crazy Yiuf
  3174 | D:4      | Reached skill level 5 in Spellcasting
  3388 | D:4      | Found a hide-covered altar of Uskayaw.
  3443 | D:4      | Found a staircase to the Ecumenical Temple.
  3451 | Temple   | Entered the Ecumenical Temple
  3556 | Temple   | Became a worshipper of Sif Muna the Loreminder
  3782 | D:4      | Found an opulent altar of Gozag.
  3924 | D:4      | Learned a level 3 spell: Dazzling Flash
  3929 | D:4      | Learned a level 4 spell: Iskenderun's Mystic Blast
  4105 | D:5      | Entered Level 5 of the Dungeon
  4112 | D:5      | Reached skill level 1 in Invocations
  4143 | D:5      | Reached skill level 7 in Conjurations
  4199 | D:5      | Reached XP level 7. HP: 20/36 MP: 11/17
  4336 | D:5      | Noticed Edmund
  4348 | D:5      | Killed Edmund
  4495 | D:5      | Found a sparkling altar of Nemelex Xobeh.
  5145 | D:5      | Noticed a moth of wrath
  5148 | D:5      | Found a bloodstained altar of Trog.
  5166 | D:5      | Reached skill level 8 in Conjurations
  5441 | D:6      | Noticed a cyan ugly thing
  5448 | D:6      | Mangled by a cyan ugly thing

Illustrated notes

Levels and vault maps discovered:
D:1:      giann_forest_graveyard, layout_rooms, serial_curves, eino_curves_04,
          eino_curves_04, eino_curves_04, eino_curves_03,
          shapermc_ecumenical_altar_acropolis
D:2:      layout_basic, basic_altar, minmay_pentomino_v4
D:3:      layout_rooms, nicolae_ashenzari_skybound, cheibriados_altar_1
D:4:      layout_gridville, kennysheep_mini_moat, grunt_gozag_statues,
          minmay_temple_entry_nine_rooms, uniq_crazy_yiuf_cottage
D:5:      layout_rooms, nemelex_altar_shiori, tgw_trog, uniq_edmund
D:6:      layout_rooms, mainiacjoe_overflow_catwalk_spiral,
          hangedman_decor_push, uniq_prince_ribbit1
Temple:   cyrus_temple_forest

Skill      XL: |  1  2  3  4  5  6  7 |
---------------+----------------------+-----
Stealth        | 3 |  3.0
Conjurations   | 5 6 7 8 |  8.0
Spellcasting   | 4 5 6 |  6.3
Dodging        | 3 |  3.0
Hexes          | 1 2 3 4 |  4.3
Invocations    | 1 2 |  2.8

Action                   |  1- 3 |  4- 6 |  7- 9 || total
-------------------------+-------+-------+-------++-------
Melee: Dagger            |     9 |       |       ||     9
       Short sword       |       |     7 |       ||     7
 Cast: Magic Dart        |    62 |    85 |    17 ||   164
       Searing Ray       |     8 |    22 |    13 ||    43
       Dazzling Flash    |       |       |     4 ||     4
       Fulminant Prism   |       |       |     1 ||     1
  Use: Scroll            |     1 |       |       ||     1
Armor: Robe              |     4 |       |       ||     4
Dodge: Dodged            |     8 |     3 |     7 ||    18
